 Dungeon Crawl Stone Soup version 0.15-a0-1081-gb32516e (webtiles) character file.

137 Froboctopus the Ruinous (level 5, -1/38 HPs)
             Began as a Draconian Conjurer on May 28, 2014.
             Was an Initiate of Vehumet.
             Slain by a mummy (11 damage)
             ... in an ossuary.
             The game lasted 00:08:01 (3053 turns).

Froboctopus the Ruinous (Draconian Conjurer)        Turns: 3053, Time: 00:08:01

HP  -1/38        AC  7     Str 13      XL: 5   Next:  0%
MP   1/13        EV 12     Int 16      God: Vehumet [......]
Gold 128         SH  0     Dex 12      Spells:  2 memorised,  7 levels left

rFire  . . .     SeeInvis .     d - +0 whip (curse)
rCold  . . .     Clarity  .     (armour unavailable)
rNeg   . . .     Conserve .     (no shield)
rPois  .         rCorr    .     (helmet restricted)
rElec  .         rRot     .     h - +1 cloak
SustAb .         Spirit   .     (no gloves)
rMut   .         Warding  .     (no boots)
Gourm  .         Stasis   .     (no amulet)
MR     .....                    (no ring)
                                i - +3 ring of strength

@: not resistant to hostile enchantments, unstealthy
A: unfitting armour, cold-blooded, AC +5
a: Renounce Religion


You were in an ossuary.
You worshipped Vehumet.
Vehumet was noncommittal.
You were not hungry.

You visited 2 branches of the dungeon, and saw 5 of its levels.
You also visited: Ossuary.

You collected 128 gold pieces.

Inventory:

Hand weapons
 d - a cursed +0,+0 whip (weapon)
Armour
 h - a +1 cloak (worn)
Magical devices
 r - a wand of polymorph (7)
Comestibles
 b - 2 bread rations
 l - a meat ration
Scrolls
 n - a scroll of teleportation
 o - 3 scrolls of fog
 p - 2 scrolls of remove curse
Jewellery
 i - a +3 ring of strength (left hand)
Potions
 a - a potion of beneficial mutation {unknown}
 e - 3 potions of degeneration
 j - a potion of mutation
 k - 2 potions of curing
 m - a potion of paralysis {unknown}
 s - a potion of cure mutation {unknown}
 t - a potion of brilliance {unknown}
 u - a potion of restore abilities {unknown}
Books
 c - a book of Conjurations

   Spells                             Type                      Level
   *Magic Dart                        Conjuration                  1
   Searing Ray                        Conjuration                  2
   Dazzling Spray                     Conjuration/Hexes            3
   Fulminant Prism                    Conjuration/Hexes            4
   *Iskenderun's Mystic Blast         Conjuration                  4
   Iskenderun's Battlesphere          Conjuration/Charms           5


   Skills:
 - Level 1.7 Dodging
 - Level 1.7 Stealth
 + Level 4.0 Spellcasting
 * Level 5.0 Conjurations


You had 7 spell levels left.
You knew the following spells:

 Your Spells              Type           Power        Failure   Level  Hunger
a - Magic Dart            Conj           ###.         1%          1    None
b - Iskenderun's Mystic   Conj           ###.....     21%         4    ####...


Dungeon Overview and Level Annotations

Branches:
Dungeon (4/15)             Temple (1/1) D:4

Altars:
Ashenzari
Cheibriados
Dithmenos
Fedhas
Gozag
Makhleb
Okawaru
Sif Muna
Trog
Vehumet

Annotations:
D:3 Sigmund


Innate Abilities, Weirdness & Mutations

Your plain brown scales are hard (AC +5).
Your body does not fit into most forms of armour.
Your cold-blooded metabolism reacts poorly to cold.


Message History

You are too injured to fight recklessly!
There is a gate leading back out of here here.
Casting: Magic Dart
Confirm with . or Enter, or press ? or * to list all spells.
Aiming: Magic Dart
Press: ? - help, Shift-Dir - straight line, f/p - mummy
Aim: a mummy (severely damaged)
The magic dart hits the mummy.
The mummy is almost destroyed.
Casting: Magic Dart
Confirm with . or Enter, or press ? or * to list all spells.
You don't have enough magic to cast that spell.
The mummy closely misses you.
You barely miss the mummy.
You tail-slap the mummy, but do no damage.
The mummy is almost destroyed.
You hit the mummy but do no damage.
The mummy is almost destroyed.
The mummy hits you!
You die...

......
#....#
#....#
#....#
#....#
#....#
#....#
#.M..#
#.@..#
#.∩∩.#
######


You could see a mummy.

Vanquished Creatures
  Jessica (D:3)
  A mummy (Ossuary)
  3 adders
  A giant mite (D:1)
  A worm (D:2)
  2 oozes
  2 ball pythons (D:4)
  5 bats
  A bat skeleton (D:4)
  4 giant cockroaches
  A gnoll zombie (Ossuary)
  4 hobgoblins
  9 kobolds
  3 giant geckos
  2 giant newts (D:2)
  7 goblins
  8 jackals
  A kobold zombie (Ossuary)
  4 orc zombies (Ossuary)
  5 rats
65 creatures vanquished.

Notes
Turn   | Place    | Note
--------------------------------------------------------------
     0 | D:1      | Froboctopus, the Draconian Conjurer, began the quest for the Orb.
     0 | D:1      | Reached XP level 1. HP: 14/14 MP: 3/3
   247 | D:1      | Reached XP level 2. HP: 20/20 MP: 0/4
   710 | D:1      | Reached XP level 3. HP: 26/26 MP: 2/6
  1733 | D:3      | Noticed Sigmund
  1752 | D:3      | Reached XP level 4. HP: 33/33 MP: 6/9
  1758 | D:3      | Learned a level 4 spell: Iskenderun's Mystic Blast
  1802 | D:3      | Noticed Jessica
  1809 | D:3      | Killed Jessica
  2402 | D:4      | Found a staircase to the Ecumenical Temple.
  2407 | Temple   | Entered the Ecumenical Temple
  2447 | Temple   | Became a worshipper of Vehumet
  2679 | D:4      | Found a sand-covered staircase.
  2684 | D:4      | Noticed an ogre
  2760 | D:4      | Noticed a golden eye
  2760 | D:4      | an ogre changed into a golden eye
  2895 | Ossuary  | Entered an ossuary
  3033 | Ossuary  | Reached skill level 5 in Conjurations
  3033 | Ossuary  | Reached XP level 5. HP: 38/38 MP: 1/13
  3053 | Ossuary  | Slain by a mummy

Action                   |  1- 3 |  4- 6 || total
-------------------------+-------+-------++-------
Melee: Whip              |    41 |    43 ||    84
       Unarmed           |     5 |       ||     5
 Cast: Magic Dart        |    72 |    73 ||   145
       Iskenderun's Myst |       |     1 ||     1
Evoke: Wand              |       |     3 ||     3
  Use: Scroll            |       |    11 ||    11
